 Dungeon Crawl Stone Soup version 0.18.1-48-g4cf74bf (webtiles) character file.

3705 Gargoyl the Protected (level 9, -7/72 HPs)
             Began as a Demonspawn Abyssal Knight on Sept 4, 2016.
             Was a High Priest of Lugonu.
             Killed from afar by Gottschkopf's ghost (27 damage)
             ... with a bolt of negative energy
             ... in a bailey on Sept 5, 2016.
             The game lasted 00:20:39 (6245 turns).

Gargoyl the Protected (Demonspawn Abyssal Knight)   Turns: 6245, Time: 00:20:39

Health: -7/72      AC: 19    Str: 16    XL:     9   Next: 91%
Magic:  0/20       EV:  8    Int: 13    God:    Lugonu [*****.]
Gold:   79         SH:  0    Dex: 15    Spells: 0 memorised, 8 levels left

rFire  + . .     SeeInvis .     x - +4 hand axe
rCold  . . .     Gourm    .     d - +3 chain mail of Ekliezuw {rElec Dex+2}
rNeg   . . .     Faith    .     (no shield)
rPois  .         Spirit   +     (helmet restricted)
rElec  +         Dismiss  .     f - +2 cloak
rCorr  .         Reflect  .     (no gloves)
SustAt .         Harm     .     l - +1 pair of boots
MR     .....                    (no amulet)
Stlth  ..........               (no ring)
                                h - ring of magical power

@: heavily drained, not resistant to hostile enchantments, extremely unstealthy
A: claws 1, horns 1, talons 2, fire resistance 1, powered by death 1, magic
shield
a: Depart the Abyss, Bend Space, Banish, Corrupt, Enter the Abyss, Renounce
Religion


You were in a bailey.
You worshipped Lugonu.
Lugonu was extremely pleased with you.
You were not hungry.

You visited 1 branch of the dungeon, and saw 8 of its levels.
You visited the Abyss 1 time.
You also visited: Bailey.

You collected 553 gold pieces.
You spent 474 gold pieces at shops.

Inventory:

Hand Weapons
 m - a +0 war axe
 x - a +4 hand axe (weapon)
Missiles
 s - 5 poisoned tomahawks (quivered)
Armour
 d - the +3 chain mail of Ekliezuw (worn) {rElec Dex+2}
   (You found it on level 2 of the Abyss)

   It affects your dexterity (+2).
   It insulates you from electricity.
 f - a +2 cloak (worn)
 l - a +1 pair of boots (worn)
Jewellery
 h - a ring of magical power (left claw)
Wands
 a - a wand of paralysis (17/24)
 k - a wand of enslavement (21/24)
 t - a wand of acid (15/15)
 u - a wand of iceblast (10/15)
 C - a wand of heal wounds (2/9)
Scrolls
 e - 12 scrolls of identify
 i - a scroll of remove curse
 j - a scroll of fear
 n - 2 scrolls of recharging
 p - a scroll of enchant weapon
 r - 5 scrolls of teleportation
 y - a scroll of amnesia
Potions
 q - 5 potions of curing
Books
 A - a book of Power

   Spells                             Type                      Level
   a - Fulminant Prism                Conjuration/Hexes            4
   b - Iskenderun's Mystic Blast      Conjuration                  4
   c - Venom Bolt                     Conjuration/Poison           5
   d - Bolt of Magma                  Conjuration/Fire/Earth       5
   e - Iron Shot                      Conjuration/Earth            6
   f - Orb of Destruction             Conjuration                  7
   g - Spellforged Servitor           Conjuration/Summoning        7
Comestibles
 b - 4 slices of pizza
 c - 4 bread rations
 g - 4 meat rations
 w - a beef jerky


   Skills:
 + Level 7.3(5.3) Fighting
 + Level 5.8(4.0) Axes
 + Level 0.5(0.0) Throwing
 * Level 9.2(7.1) Armour
 + Level 3.9(2.2) Dodging
 + Level 1.1(0.0) Stealth
 + Level 3.3(1.5) Invocations


You had 8 spell levels left.
You didn't know any spells.

Dungeon Overview and Level Annotations

Branches:
Dungeon (8/15)             Temple (0/1) D:6
   Lair: D:8-11

Altars:
Dithmenos
Okawaru
Pakellas
Qazlal
Ru
Sif Muna
Xom
Zin
The Shining One

Shops:
D:5 *![%?   D:6 ?

Annotations:
Bailey Gottschkopf's ghost, novice DrTm


Innate Abilities, Weirdness & Mutations

You have sharp fingernails.
You have a pair of small horns on your head.
You have razor-sharp toenails.
You regenerate a little health from kills.
When hurt, damage is shared between your health and your magic reserves.
Your flesh is heat resistant.


Message History

Aim: Gottschkopf's ghost (chance to defeat MR: 50%)
You fail to use your ability.
Gottschkopf's ghost hits you but does no damage.
Press: ? - help, Shift-Dir - straight line, f/p - Gottschkopf's ghost
Aim: Gottschkopf's ghost (chance to defeat MR: 50%)
You fail to use your ability.
Gottschkopf's ghost hits you!
* * * LOW HITPOINT WARNING * * *
Press: ? - help, Shift-Dir - straight line, f/p - Gottschkopf's ghost
Aim: Gottschkopf's ghost (chance to defeat MR: 50%)
You fail to use your ability.
Gottschkopf's ghost hits you.
* * * LOW HITPOINT WARNING * * *
You don't have enough magic at the moment.
Gottschkopf's ghost breathes negative energy at you.
The bolt of negative energy misses you.
There is an open door here.
Gottschkopf's ghost hits you but does no damage.
There is an open door here.
Gottschkopf's ghost breathes negative energy at you.
The bolt of negative energy hits you!
You feel drained.
You die...

▓...▓ ▓.∩.▓
######(######
#....≈.≈.(((#
#'###≈(≈###'#
#^...≈(≈((.W#
#'###≈(≈###'#
#.(..≈g≈..†.#
#(###≈.≈###@#
#(...≈(≈....#
#'###≈.≈###'#
#((..≈.≈...^#
#(###≈g≈###'#
#..(.≈o≈((((#
#'###≈o≈###'#
#(...≈.≈(...#
#'###≈o≈###'#


You could see Gottschkopf's ghost and a gnoll.

Vanquished Creatures
  The ghost of schammes the Nimble, a novice SpEn of Gozag (Bailey)
  Grinder (D:5)
  A hippogriff (D:7)
  A hungry ghost (D:7)
  Menkaure (D:7)
  Duvessa (D:7)
  The ghost of SaintRoka the Cudgeler, an amateur OgWn (D:3)
  An orc warrior (D:6)
  An ice beast (D:7)
  2 sky beasts (D:7)
  2 ogres
  3 phantoms
  4 centaurs
  2 giant frogs (D:7)
  A wyvern zombie (D:6)
  Dowan (D:7)
  3 scorpions
  A wyvern skeleton (D:7)
  3 wights (D:5)
  A crimson imp (D:7)
  2 hounds
  4 orc priests
  3 giant frog skeletons
  2 iguanas (D:6)
  2 orc wizards
  5 worker ants
  A worker ant zombie (D:7)
  7 gnolls
  11 adders
  An ooze (D:3)
  An adder skeleton (D:7)
  A worm (D:2)
  3 dart slugs
  2 giant geckos (D:1)
  19 orcs
  11 bats
  3 giant cockroaches
  16 goblins
  12 hobgoblins
  4 jackals (D:5)
  2 quokkas (D:7)
  3 ball pythons
  A giant gecko zombie (D:5)
  14 giant newts
  A jackal zombie (D:6)
  20 kobolds
  9 rats
  A fungus (D:1)
193 creatures vanquished.

Vanquished Creatures (others)
  The ghost of sinon the Cruncher, a novice TeGl of Okawaru (D:5)
1 creature vanquished.

Grand Total: 194 creatures vanquished

Notes
Turn   | Place    | Note
--------------------------------------------------------------
     0 | Abyss:1  | Gargoyl the Demonspawn Abyssal Knight began the quest for the Orb.
     0 | Abyss:1  | Reached XP level 1. HP: 18/18 MP: 2/2
     9 | Abyss:2  | Got a faintly glowing chain mail
    20 | Abyss:2  | Identified the +3 chain mail of Ekliezuw {rElec Dex+2} (You found it on level 2 of the Abyss)
    23 | Abyss:2  | Noticed a starcursed mass
    24 | D:1      | Escaped the Abyss
   144 | D:1      | Reached * piety under Lugonu
   147 | D:1      | Reached skill level 2 in Armour
   147 | D:1      | Gained mutation: You have sharp fingernails. [demonic ancestry]
   147 | D:1      | Reached XP level 2. HP: 24/24 MP: 3/3
   578 | D:1      | Reached XP level 3. HP: 30/30 MP: 4/4
   617 | D:1      | Reached ** piety under Lugonu
   709 | D:2      | Reached skill level 1 in Dodging
   888 | D:2      | Gained mutation: You have a pair of small horns on your head. [demonic ancestry]
   888 | D:2      | Reached XP level 4. HP: 36/37 MP: 6/6
  1709 | D:3      | Found a sacrificial altar of Ru.
  1768 | D:3      | Reached *** piety under Lugonu
  1778 | D:3      | Noticed SaintRoka's ghost (amateur OgWn)
  1956 | D:3      | Gained mutation: Your flesh is heat resistant. [potion of beneficial mutation]
  1969 | D:3      | Killed SaintRoka's ghost
  1969 | D:3      | Reached skill level 3 in Armour
  1969 | D:3      | Gained mutation: You regenerate a little health from kills. [demonic ancestry]
  1969 | D:3      | Reached XP level 5. HP: 12/43 MP: 7/7
  2384 | D:4      | Gained mutation: You have sharp toenails. [demonic ancestry]
  2384 | D:4      | Reached XP level 6. HP: 34/49 MP: 8/8
  2418 | D:4      | Reached skill level 4 in Armour
  2479 | D:4      | Found a stormy altar of Qazlal.
  2594 | D:4      | Found a deep blue altar of Sif Muna.
  2643 | D:4      | Reached skill level 5 in Fighting
  2643 | D:4      | Gained mutation: You have razor-sharp toenails. [demonic ancestry]
  2643 | D:4      | Reached XP level 7. HP: 46/56 MP: 9/9
  2721 | D:4      | Reached skill level 5 in Armour
  2934 | D:4      | Reached **** piety under Lugonu
  2995 | D:5      | Entered Level 5 of the Dungeon
  2996 | D:5      | Noticed sinon's ghost (novice TeGl)
  3016 | D:5      | Banished sinon's ghost
  3384 | D:5      | Found a shadowy altar of Dithmenos.
  3541 | D:5      | Found Plog's Distillery.
  3553 | D:5      | Reached XP level 8. HP: 56/63 MP: 10/10
  3558 | D:5      | Bought a potion of curing for 36 gold pieces
  3558 | D:5      | Bought a potion of curing for 36 gold pieces
  3558 | D:5      | Bought a potion of heal wounds for 60 gold pieces
  3558 | D:5      | Bought a potion of curing for 36 gold pieces
  3721 | D:5      | Reached skill level 6 in Armour
  3960 | D:5      | Found Norch's Assorted Antiques.
  3965 | D:5      | Bought a potion of curing for 90 gold pieces
  3984 | D:5      | Noticed Grinder
  4001 | D:5      | Killed Grinder
  4001 | D:5      | Reached skill level 7 in Armour
  4167 | D:5      | Found Jutogg's Armour Shop.
  4258 | D:5      | Found a shimmering altar of Xom.
  4369 | D:5      | Found Icucvezani's Food Emporium.
  4374 | D:5      | Found Fonkecog's Magic Scroll Emporium.
  4644 | D:6      | Found a glowing golden altar of the Shining One.
  4647 | D:6      | Found a glowing silver altar of Zin.
  4648 | D:6      | Found an iron altar of Okawaru.
  4649 | D:6      | Found an oddly glowing altar of Pakellas.
  4731 | D:6      | Found a staircase to the Ecumenical Temple.
  4825 | D:6      | Found a shadowy altar of Dithmenos.
  4922 | D:6      | Gained mutation: When hurt, damage is shared between your health and your magic reserves. [demonic ancestry]
  4922 | D:6      | Reached XP level 9. HP: 38/69 MP: 11/11
  4935 | D:6      | Found Vuemuit's Magic Scroll Shop.
  4938 | D:6      | Bought a scroll of enchant armour for 90 gold pieces
  4938 | D:6      | Bought a scroll of enchant armour for 90 gold pieces
  4938 | D:6      | Bought a scroll of teleportation for 36 gold pieces
  5103 | D:7      | Reached skill level 8 in Armour
  5294 | D:7      | Reached skill level 5 in Axes
  5364 | D:7      | Reached ***** piety under Lugonu
  5432 | D:7      | Noticed Duvessa
  5432 | D:7      | Noticed Menkaure
  5433 | D:7      | Noticed Dowan
  5444 | D:7      | Killed Menkaure
  5459 | D:7      | Killed Duvessa
  5468 | D:7      | Killed Dowan
  5468 | D:7      | Reached skill level 1 in Stealth
  5813 | D:7      | Reached skill level 9 in Armour
  5936 | D:8      | Found a flagged portal.
  5956 | Bailey   | Entered a bailey
  5964 | Bailey   | Noticed schammes's ghost (novice SpEn)
  6058 | Bailey   | Killed schammes's ghost
  6112 | Bailey   | Noticed Gottschkopf's ghost (novice DrTm)
  6113 | Bailey   | Noticed an orc knight
  6245 | Bailey   | Killed from afar by Gottschkopf's ghost

Skill      XL: |  1  2  3  4  5  6  7  8  9 |
---------------+----------------------------+-----
Armour         | 2 3 4 5 7 9 |  9.2
Axes           | 2 3 4 5 |  5.8
Dodging        | 1 2 3 |  3.9
Fighting       | 4 5 6 7 |  7.3
Invocations    | 3 |  3.3
Stealth        | 1 |  1.1
Throwing       | |  0.5

Action                   |  1- 3 |  4- 6 |  7- 9 || total
-------------------------+-------+-------+-------++-------
Melee: Hand axe          |   155 |   198 |   460 ||   813
       Headbutt          |       |    35 |    92 ||   127
Throw: Tomahawk          |       |     3 |     5 ||     8
Invok: Depart the Abyss  |     1 |       |       ||     1
       Banish            |       |       |     2 ||     2
       Bend Space        |       |       |     8 ||     8
  Use: Potion            |       |     5 |     7 ||    12
       Scroll            |       |       |    17 ||    17
 Stab: Distracted        |       |       |     1 ||     1
  Eat: Chunk             |       |     6 |    17 ||    23
       Meat ration       |       |       |     2 ||     2
Armor: Chain mail        |   130 |   141 |   464 ||   735
       Skin              |       |       |     2 ||     2
Dodge: Dodged            |    73 |    94 |   272 ||   439
